[Event "55th Biel Festival MTO 2022"]
[Site "Biel"]
[Date "2022.07.22"]
[Round "9.22"]
[White "Tanmay Chopra"]
[Black "Dushyant Sharma"]
[Result "0-1"]
[ECO "D27"]
[WhiteElo "2322"]
[BlackElo "2416"]
[Annotator "TA"]
[PlyCount "66"]
[EventDate "2022.07.13"]
[EventType "swiss"]
[EventCountry "SUI"]
[SourceTitle "playchess.com"]
[Source "ChessBase"]
[SourceQuality "1"]
[TimeControl "40/5400+30:1800+30"]

1. d4 d5 2. c4 dxc4 3. e3 Nf6 4. Bxc4 e6 5. Nf3 c5 6. O-O a6 7. b3 Nc6 {[%emt 0:09:22] D27: Queen's Gambit Accepted: Classical main line: 7 e4!? and 7 a4.} 8. dxc5 Bxc5 9. Nbd2 b5 {[%emt 0:04:28] White has an edge.} 10. Be2 Bb7 11. a4 Qb6 12. Bb2 (12. axb5 $14 axb5 13. Rxa8+ Bxa8 14. Bb2) 12... O-O 13. Qb1 {[%emt 0:05:56] [#]} Rfd8 $146 {[%emt 0:04:25] [#]} (13... Nb4 $14) ({Predecessor:} 13... Be7 14. axb5 axb5 15. Qd3 Ba6 16. Rfc1 Rfd8 17. Qb1 Bb7 18. Nd4 Bc5 19. N2f3 Nxd4 20. Bxd4 Bxd4 21. Rxa8 Bxa8 22. Nxd4 {½-½ (35) Piorun,K (2635)-Teclaf,P (2537) Kruszwica 2022}) 14. Ng5 $1 $16 Rxd2 (14... g6 15. axb5) 15. Bxf6 g6 16. Bf3 {[%emt 0:05:42] Black must now prevent Ne4.} Nb4 (16... Be7 $16) 17. Bxb7 $18 Qxb7 18. Qe4 $1 Rd5 19. Qh4 $1 h5 20. Ne4 $1 bxa4 21. bxa4 ({Don't play} 21. Rxa4 $6 Nd3 $14) 21... Nd3 22. Rad1 $40 {[%emt 0:01:23][%cal Od1d3][%mdl 128] aiming for Rxd3! White goes for the king.} Rc8 23. Ba1 $2 ({Better is} 23. Bg5 $18) 23... Be7 $11 {[%emt 0:00:04] Active counter play!} 24. Nf6+ Kf8 $2 {[%emt 0:00:55][%mdl 8192] [#]} (24... Bxf6 $11 25. Qxf6 e5) 25. e4 $1 $18 Rc4 $2 (25... Qb4 {keeps fighting.} 26. Nxd5 Bxh4 27. Nxb4 Nxb4) 26. Qg3 Bd6 (26... Nxf2 $142 27. exd5 Nxd1 28. Rxd1 Bxf6) 27. Qe3 Bf4 {[%emt 0:00:32] Against Qh6+} 28. Qf3 Nxf2 29. Qxf2 Rxd1 30. Rxd1 e5 31. g3 {[%emt 0:00:36] Threatens to win with Rd8+.} Qb3 32. Qe2 $2 (32. Rd8+ {mates} Ke7 33. Re8+ Kd6 34. gxf4 Kc6 35. Bxe5 Qb7 36. Qd2 Qb1+ 37. Kg2) 32... Rc2 33. Qf1 {[%emt 0:00:45] [#]} (33. Qxa6 $2 {is a self mate.} Qe3+ 34. Kh1 Qf3+ 35. Kg1 Qg2#) (33. Qd3 $16 Qxd3 34. Rxd3 Rc1+ 35. Kf2 Rxa1 36. gxf4) 33... Qe3+ $1 {[%emt 0:00:11] What a bad dream for White.  Weighted Error Value: White=0.51/Black=0.81} 0-1

[Event "55th Biel Festival MTO 2022"]
[Site "Biel"]
[Date "2022.07.22"]
[Round "9.23"]
[White "Unuk, Laura"]
[Black "Materia, Marco"]
[Result "1-0"]
[ECO "E48"]
[WhiteElo "2340"]
[BlackElo "2409"]
[Annotator "TA"]
[PlyCount "67"]
[EventDate "2022.07.13"]
[EventType "swiss"]
[EventCountry "SUI"]
[SourceTitle "playchess.com"]
[Source "ChessBase"]
[SourceQuality "1"]
[TimeControl "40/5400+30:1800+30"]

1. d4 Nf6 2. c4 e6 3. Nc3 Bb4 4. e3 O-O 5. Bd3 d5 6. cxd5 exd5 7. Nge2 Re8 8. Qc2 {[%emt 0:01:44] E48: Nimzo-Indian: Rubinstein: 5 Bd3 d5 including 6 Ne2, but excluding 6 a3.} c6 9. Bd2 Nbd7 10. f3 {[%emt 0:04:07] The position is equal.} c5 11. a3 Ba5 {[%emt 0:06:19] [#]} 12. O-O-O $146 ({Predecessor:} 12. dxc5 Nxc5 13. Bb5 Ncd7 14. Nd4 a6 15. Ba4 Qc7 16. Rc1 b5 17. Bb3 Nb6 18. O-O {0-1 (31) Klachkou,P (1992)-Hryharovich,A (2100) Minsk 2022}) 12... c4 13. Bf5 Nf8 14. g4 Bxf5 15. gxf5 b5 {[%emt 0:07:12] White leaves nothing to chance now.} (15... Qe7 $14) 16. e4 $16 dxe4 17. fxe4 {[%emt 0:01:48][%cal Bf3e4,Be4e5][%mdl 32] aiming for e5.} b4 (17... Bxc3 $16 18. Nxc3 Qxd4) 18. axb4 $18 Bxb4 {[%emt 0:00:03] [#]} 19. Bg5 (19. Rhg1 $1 $18) 19... h6 20. Bh4 {[%emt 0:06:42] Strongly threatening e5.} Be7 {[%emt 0:00:38] [#]} (20... Rb8 $16 {was called for.}) 21. e5 $1 Nd5 22. Bxe7 Rxe7 23. Nxd5 Qxd5 24. Rhg1 Rb7 25. Nc3 Qf3 26. Rg3 Qf4+ 27. Qd2 Qxd2+ 28. Rxd2 Rd8 29. Ne4 Rb3 30. d5 Rxg3 (30... Rb7 {keeps fighting.} 31. e6 fxe6) 31. hxg3 {[%emt 0:00:07] White is clearly winning.} Nd7 (31... Re8 $142 32. e6 fxe6) 32. e6 Nb6 33. d6 {[%emt 0:00:52] And now e7 would win.} fxe6 34. fxe6 {[%emt 0:00:05] Weighted Error Value: White=0.03 (flawless) /Black=0.34} 1-0

[Event "55th Biel Festival MTO 2022"]
[Site "Biel"]
[Date "2022.07.22"]
[Round "9.24"]
[White "Song, Julien"]
[Black "Aaron, Deepak"]
[Result "1-0"]
[ECO "C11"]
[WhiteElo "2391"]
[BlackElo "2221"]
[Annotator "TA"]
[PlyCount "119"]
[EventDate "2022.07.13"]
[EventType "swiss"]
[EventCountry "SUI"]
[SourceTitle "playchess.com"]
[Source "ChessBase"]
[SourceQuality "1"]
[TimeControl "40/5400+30:1800+30"]

1. d4 e6 2. e4 d5 3. Nc3 Nf6 4. e5 Nfd7 5. f4 c5 6. Nf3 Nc6 7. Be3 cxd4 8. Nxd4 Bc5 9. Qd2 O-O 10. O-O-O Nxd4 11. Bxd4 a6 {[%emt 0:00:08] C11: French: Classical System: 4 e5 and 4 Bg5 dxe4.} 12. Qe3 Bxd4 13. Rxd4 b5 {[%emt 0:01:50] The position is equal.} 14. Bd3 {[%emt 0:03:12][%cal Oc3e4] [#]} b4 $146 (14... Bb7 $11 {remains equal.}) ({Predecessor:} 14... Qb6 15. f5 f6 16. exf6 Nxf6 17. fxe6 Bxe6 18. Re1 Rae8 19. Rf4 Qc7 20. Qd4 Bf7 {½-½ (48) Holroyd,K (2526)-Kluegel,J (2500) ICCF email 2015}) 15. Rxb4 $16 a5 16. Rb3 {[%emt 0:18:09] White is much more active. The black rooks are badly placed.} Ba6 17. Na4 $40 {[%emt 0:27:28][%mdl 128] Black is in trouble.} Bxd3 18. Qxd3 Rc8 19. Rc3 {[%emt 0:02:44] Inhibits Rc4.} Rb8 20. a3 {[%emt 0:02:22] Against Rb4} Qe8 21. Qd4 f6 22. exf6 Nxf6 23. g3 Ne4 24. Rc7 {[%emt 0:00:21][%csl Gc7][%cal Rd4g7] [#]} Rf7 25. Rxf7 Qxf7 26. Nc3 Nd6 27. Qe5 Rb6 28. Re1 (28. b3 $16) 28... Nc4 $11 29. Qg5 {[%emt 0:00:09] And now b3 would win.} Qf6 $2 (29... h6 $1 $11 {and Black is okay.} 30. Qd8+ Kh7) 30. Qxf6 $18 gxf6 {[%emt 0:00:02][%mdl 4096] Endgame [#] KRN-KRN} 31. f5 $1 Kf7 32. b3 Ne5 33. fxe6+ Kxe6 34. Rd1 Rd6 35. Nb5 Rd7 36. Nd4+ Kf7 37. a4 Kg6 38. c3 h5 39. h4 Rg7 40. Ne6 Rb7 41. Nd4 (41. Rxd5 Kf5 $18) 41... Rg7 $1 42. Kd2 Kf7 43. Ne2 Rg4 44. Rf1 Rg8 45. Rf5 Rb8 46. Kc2 (46. Rxh5 Rxb3 47. Nf4 d4 $16) 46... Kg6 47. Rf4 Re8 48. Rf1 {[%emt 0:02:08] Inhibits Nf3.} ({Don't do} 48. Rd4 Kf5 49. Nf4 Rh8 50. Nxd5 (50. Rxd5 Kg4 $18) 50... Ng4 51. Ne7+ Ke6 $18) 48... Ng4 {[%emt 0:01:30] Threatens to win with ...Ne3+.} 49. Nf4+ Kf7 {[%emt 0:01:25] ...Ne3+ is the strong threat.} 50. Rf3 ({Stronger than} 50. Nxd5 Re5 $15) 50... Re5 51. Rd3 Nf2 (51... Ne3+ $142 52. Kb2 Ng2 53. Nxd5 Ne1) 52. Rxd5 {[%emt 0:02:51] White is clearly winning.} Re3 53. Rd7+ Kf8 54. Nxh5 Ne4 55. Rc7 f5 56. Nf4 Rxg3 57. h5 Rf3 58. Ng6+ Ke8 59. Rc8+ Kd7 60. Ne5+ {[%emt 0:00:12] Weighted Error Value: White=0.20 (precise) /Black=0.33} 1-0

[Event "55th Biel Festival MTO 2022"]
[Site "Biel"]
[Date "2022.07.22"]
[Round "9.25"]
[White "Aziz, Husain"]
[Black "Dishman, Stephen"]
[Result "1-0"]
[ECO "B13"]
[WhiteElo "2380"]
[BlackElo "2252"]
[Annotator "TA"]
[PlyCount "91"]
[EventDate "2022.07.13"]
[EventType "swiss"]
[EventCountry "SUI"]
[SourceTitle "playchess.com"]
[Source "ChessBase"]
[SourceQuality "1"]
[TimeControl "40/5400+30:1800+30"]

1. e4 c6 2. d4 d5 3. exd5 cxd5 4. Bd3 Nf6 5. h3 g6 6. Nf3 {[%emt 0:00:30] B13: Caro-Kann: Exchange Variation and Panov-Botvinnik Attack.} Bf5 7. O-O Nc6 8. Re1 {[%emt 0:01:36] [#] The position is equal.} e6 $146 (8... Bxd3 $11 9. Qxd3 Bg7) ({Predecessor:} 8... Bg7 9. Nc3 O-O 10. Bxf5 gxf5 11. Ne5 Ne4 12. Nxc6 bxc6 13. Ne2 Qb6 14. c3 Rad8 {0-1 (36) Stojadinovic,L (2049)-Jovic,S (2336) Nis 2012}) 9. Bb5 $14 h5 10. Ne5 Rc8 11. Nc3 (11. Bf4 $14) 11... h4 12. Bf4 Bd6 13. Na4 Kf8 ({Black should try} 13... Nh5 $11 14. Be3 f6) 14. Bxc6 bxc6 15. Nc5 Bxc5 16. dxc5 {[%emt 0:01:22] Strongly threatening Bg5.} Nh5 17. Bh2 f6 18. Nf3 Ng7 19. c3 Qd7 ({Better is} 19... e5 $11) 20. Bd6+ (20. c4 $5) 20... Kf7 (20... Kg8 $11 {deserves consideration.}) 21. Qd4 {[%emt 0:01:34][%cal Od6e5] Be5! is the strong threat.} g5 22. Be5 {[%emt 0:01:34] 0x0.0013b8fc7bdbdp-1022s more active pieces.} Qd8 $1 $11 23. Nxg5+ fxg5 $2 {[%emt 0:05:37] White now steadily converts the win.} (23... Kg6 $11 24. Nf3 fxe5 25. Nxe5+ Kh7) 24. Bxg7 $16 Rg8 25. Be5 g4 {[%emt 0:00:05] [#]} 26. Kh2 Qg5 27. hxg4 Qxg4 28. Qxg4 {[%emt 0:00:14] Dancing on a razor blade.} Rxg4 29. f3 Rg5 30. Rad1 Rcg8 31. Re2 Ke7 (31... a5 {keeps fighting.} 32. b3 Ke7) 32. Rd4 $18 h3 $2 (32... Kf7 {is a better chance.} 33. Rf4 (33. Rxh4 Bd3 $14) 33... a5) 33. g4 Be4 34. Bd6+ ({Weaker is} 34. fxe4 Rxe5 35. Kxh3 Rg7 $18) 34... Kd7 35. fxe4 Rxg4 36. exd5 Rg2+ 37. Rxg2 Rxg2+ 38. Kxh3 {[%emt 0:00:10] [#] White wants to mate with dxc6+.} Rxb2 39. dxc6+ (39. Rb4 $142 Rxb4 40. dxc6+ Kxc6 41. cxb4 e5 42. Kg4 e4 43. Kf4 e3 44. Kxe3) 39... Kxc6 {[%emt 0:00:05][%mdl 4096] Endgame KRB-KR} 40. Ra4 Rb7 41. Kg4 Rf7 42. Kg5 Kb5 43. Rf4 {[%emt 0:01:39] c4+ would kill now.} Rg7+ 44. Kf6 Rg2 45. Kxe6 {[%emt 0:00:00] White threatens Kd7 and mate.} Rxa2 46. Kd7 {[%emt 0:00:00] Weighted Error Value: White=0.14 (very precise) /Black=0.75} 1-0

[Event "55th Biel Festival MTO 2022"]
[Site "Biel"]
[Date "2022.07.22"]
[Round "9.26"]
[White "Schlegel, Igor"]
[Black "Ajay Krishna, S."]
[Result "1-0"]
[ECO "B96"]
[WhiteElo "2194"]
[BlackElo "2372"]
[Annotator "TA"]
[PlyCount "63"]
[EventDate "2022.07.13"]
[EventType "swiss"]
[EventCountry "SUI"]
[SourceTitle "playchess.com"]
[Source "ChessBase"]
[SourceQuality "1"]
[TimeControl "40/5400+30:1800+30"]

1. e4 c5 2. Nf3 d6 3. d4 cxd4 4. Nxd4 Nf6 5. Nc3 a6 6. Bg5 e6 7. f4 Qc7 8. Bxf6 gxf6 9. Qd2 {[%emt 0:00:10] 9.Qf3 is more fashionable.} h5 {[%emt 0:00:49] B96: Sicilian Najdorf: 6 Bg5 e6 7 f4, lines other than 7...Qb6 and 7...Be7.} 10. O-O-O Bd7 11. Kb1 Nc6 {[%emt 0:04:24] White is slightly better.} 12. Bc4 Na5 (12... Nxd4 $11 13. Qxd4 Qc5) 13. Be2 O-O-O $1 14. Rhf1 {[%emt 0:03:27] [#]} Nc4 $146 ({Predecessor:} 14... Kb8 15. Rf3 Rc8 16. f5 Be7 17. fxe6 fxe6 18. Nf5 exf5 19. Nd5 Qd8 20. Nxe7 Qxe7 21. Qxa5 fxe4 {0-1 (36) Ootes,L (2171)-De Vreugt,D (2401) Bussum 2008}) 15. Qd3 Nb6 16. Qh3 (16. f5 $16) 16... h4 {[%emt 0:08:24] [#]} (16... Kb8 $14) 17. f5 $1 $36 {[%emt 0:14:32][%mdl 2048] White is on the roll.} e5 {[%emt 0:01:20] [#]} 18. Ne6 fxe6 19. fxe6 {[%emt 0:00:04][%mdl 64] Discovered Attack} Kb8 {[%emt 0:00:46] And now ...Be8 would win.} 20. exd7 Nxd7 (20... Rxd7 $16 {keeps fighting.} 21. Bg4 (21. Rxf6 Rg7 $16) 21... Rg7) 21. Nd5 $18 Qc6 22. Rd3 {[%emt 0:03:26][%cal Bd1d3,Bd3c3,Bc3c4][%mdl 32] Hoping for Rc3. White is much more active. The black rooks are badly placed.} Rh6 $2 {[%emt 0:02:21][%mdl 8192] This move loses the game for Black.} (22... Nc5 $16) 23. Rc3 Qa4 (23... Nc5 $142 24. b4 Qd7 25. bxc5 Qxh3 26. gxh3 dxc5 27. Nxf6 Bd6) 24. Rc4 Qa5 25. b4 Qa4 26. Rf3 {[%emt 0:01:01][%cal Bf1f3,Bf3a3,Ba3a8][%mdl 32] Ra3 is the strong threat.} Qb5 27. a4 Qxa4 28. Ra3 Qb5 {[%emt 0:00:04] [#]} 29. Rc8+ $3 {[%emt 0:00:08][%mdl 576] Discovered Attack} Rxc8 30. Bxb5 Nc5 31. bxc5 {[%emt 0:01:01][%cal Oh3d7] Threatening mate with Qd7!} axb5 32. Ra8+ {[%emt 0:00:14] Weighted Error Value: White=0.13 (very precise) /Black=0.83} 1-0

[Event "55th Biel Festival MTO 2022"]
[Site "Biel"]
[Date "2022.07.22"]
[Round "9.27"]
[White "Akshit Kumar J"]
[Black "Herrera Reyes, Jose Antonio"]
[Result "1/2-1/2"]
[ECO "B42"]
[WhiteElo "2103"]
[BlackElo "2345"]
[Annotator "TA"]
[PlyCount "115"]
[EventDate "2022.07.13"]
[EventType "swiss"]
[EventCountry "SUI"]
[SourceTitle "playchess.com"]
[Source "ChessBase"]
[SourceQuality "1"]
[TimeControl "40/5400+30:1800+30"]

1. e4 c5 2. Nf3 e6 3. d4 cxd4 4. Nxd4 a6 5. Bd3 Bc5 6. Nb3 Ba7 7. Qg4 {[%emt 0:06:05] B42: Sicilian: Kan Variation: 5 Bd3.} Kf8 {[%emt 0:08:15] [#]} 8. Bg5 $146 {[%emt 0:11:32] White is more active.} ({Predecessor:} 8. Qe2 Ne7 9. O-O Nbc6 10. c4 Qc7 11. Nc3 Ng6 12. Be3 Nf4 13. Qd2 Nxd3 14. Bxa7 Rxa7 15. Qxd3 {0-1 (27) Aaditya,D (2042)-Harika,D (2517) Chess.com INT 2022}) 8... f6 9. Bd2 {[%emt 0:05:44] White is slightly better.} Nc6 10. Nc3 b5 11. h4 Bb7 12. h5 Ne5 13. Qe2 Qc7 14. a4 b4 15. Na2 Ne7 16. Bxb4 Kf7 17. Ba5 Qb8 18. Bd2 (18. Bc3 $16) 18... d5 (18... Nxd3+ $11 19. cxd3 Bxe4 $1 20. dxe4 Qxb3) 19. O-O $2 (19. h6 $14 {stays ahead.}) 19... g5 $2 (19... dxe4 $1 $19 20. Bxe4 f5 21. Bxb7 Ng4 $1 22. Qxg4 fxg4 23. Bxa8 Qxa8) 20. Na5 $2 (20. Nc3 $11) 20... g4 $2 (20... dxe4 $19 21. Bxe4 f5 22. Bxb7 Ng4 $1 23. Qxg4 fxg4 24. Bxa8 Qxa8) 21. Be3 $2 (21. Nxb7 $2 Nf3+ 22. Qxf3 gxf3 $19) (21. Kh1 $11 {and White stays safe.}) 21... dxe4 (21... Rg8 $142 {[%cal Oe5f3] ( -> ...Nf3+!)} 22. Bxa7 Rxa7) 22. Bxe4 Bxe4 23. Bxa7 {[%emt 0:00:11] [#]} Rxa7 (23... Qxb2 24. Qxe4 Rxa7 25. Rfb1 $14) (23... Qg8 $1 $19 {And now ...Nf3+ would win.} 24. Rfd1 (24. Qxe4 $2 Nf3+ 25. Qxf3 gxf3 $19) (24. Rfe1 Nf3+) 24... Bf3) 24. Qxe4 $15 Rd7 (24... Qxb2 25. Rfb1 Qa3 26. Nb7 $14) 25. Nc4 {[%emt 0:02:43] [#]} (25. Rfe1 $17 g3 26. Nc4) 25... Rd5 $2 (25... Nxc4 26. Qxc4 Rc8 27. Qxg4 Qxb2 28. c3 $11) ({Black should try} 25... Nf3+ $1 $19 26. gxf3 gxf3) 26. Rfe1 $36 {[%emt 0:04:46][%cal Oa2b4][%mdl 2048] White has good play.} (26. Rae1 $5 Rg8 27. Nxe5+ (27. Qxh7+ $2 Rg7 $19) 27... Rxe5 28. Qc4 $14 (28. Qxh7+ $2 Rg7 $19)) 26... Rg8 27. Kf1 (27. Qxh7+ Rg7 28. Qe4 g3 29. fxg3 Nf5 30. Nxe5+ Rxe5 $15) (27. Nb4 $11 Nf3+ 28. Kf1 (28. gxf3 gxf3+ 29. Kf1 Rg1+ 30. Kxg1 Qg8+ 31. Qg6+ Nxg6 $19) 28... Nh2+ 29. Kg1 Nf3+ 30. Kf1 (30. gxf3 gxf3+ 31. Kf1 Rg1+ 32. Kxg1 Qg8+) 30... Nh2+ 31. Kg1 Nf3+) 27... Rg5 $2 {[%emt 0:01:55] [#]} (27... g3 $1 $15 {keeps the upper hand.} 28. Nb4 (28. Qxh7+ $2 Rg7 $19) 28... gxf2) 28. Nc3 (28. Qxh7+ Rg7 29. Qe4 g3 $11) (28. Nb4 $1 $16 Kg7 (28... Kg8 29. Nd3) 29. h6+ (29. Nxd5 exd5 30. h6+ Kg8 $17) (29. Nxa6 $2 Qa7 $19) 29... Kh8 30. Ne3 (30. Nxd5 exd5 31. Qf4 Rf5 $17) (30. Nxa6 Qa7 $17)) 28... Kg7 29. Qf4 (29. Nxd5 exd5 30. h6+ Kh8 $17) (29. h6+ $1 $18 Kxh6 30. Nxd5 exd5 {[#]} 31. Qf4 $1) 29... Rxh5 $14 30. Nxd5 Nxd5 31. Qg3 (31. Qd4 $5 Kf7 32. g3 $11 (32. Nxe5+ fxe5 33. Qe4 Rh1+ 34. Ke2 Qxb2 $11)) 31... Qb4 {[%emt 0:00:33] The position is equal.} 32. Nxe5 Rh1+ 33. Ke2 Nf4+ 34. Ke3 Rxe1+ 35. Rxe1 {[%emt 0:00:01] Chess con chili.} fxe5 $11 {[%emt 0:00:11][%cal Rb4e1][%mdl 4096] Endgame KQR-KQN} 36. c3 Qxb2 37. Qxg4+ Kf7 38. Kf3 Qxc3+ 39. Re3 Qc6+ 40. Re4 Qd5 41. Qg5 Qd1+ 42. Kg3 Ne2+ 43. Rxe2 $1 Qxe2 {[%emt 0:00:03] KQ-KQ} 44. Qd8 {[%emt 0:01:10] Inhibits Qd3+.} Qh5 45. a5 Qg6+ 46. Kh2 Qh6+ 47. Kg1 Qc1+ 48. Kh2 Qf4+ 49. Kg1 Qd4 50. Qb6 Qc4 51. Qa7+ Kg6 52. Qb8 Kf5 53. Qf8+ Ke4 54. Qg7 h5 55. Qh7+ Kd5 56. Qxh5 Qc1+ 57. Kh2 {[%emt 0:00:02] Strongly threatening Qe2.} Qf4+ 58. Kg1 {[%emt 0:00:02] Weighted Error Value: White=0.56/Black=0.39} 1/2-1/2

[Event "55th Biel Festival MTO 2022"]
[Site "Biel"]
[Date "2022.07.22"]
[Round "9.28"]
[White "Abdulrahman Mohammad, Al Taher"]
[Black "Sahithi Varshini M"]
[Result "1/2-1/2"]
[ECO "E48"]
[WhiteElo "2029"]
[BlackElo "2312"]
[Annotator "TA"]
[PlyCount "90"]
[EventDate "2022.07.13"]
[EventType "swiss"]
[EventCountry "SUI"]
[SourceTitle "playchess.com"]
[Source "ChessBase"]
[SourceQuality "1"]
[TimeControl "40/5400+30:1800+30"]

1. d4 Nf6 2. c4 e6 3. Nc3 Bb4 4. e3 O-O 5. Bd3 d5 6. cxd5 exd5 7. Nge2 Nc6 (7... Bd6 $11) 8. a3 $14 {[%emt 0:10:15] E48: Nimzo-Indian: Rubinstein: 5 Bd3 d5 including 6 Ne2, but excluding 6 a3.} Bd6 9. f3 Re8 10. O-O (10. Qc2 $14) 10... Bf8 {[%emt 0:05:59] [#]} (10... Ne7 $11 {remains equal.}) 11. Qe1 $146 ({White should try} 11. Bc2 $16) ({Predecessor:} 11. Kh1 b6 12. b4 Bb7 13. Bc2 a5 14. b5 Na7 15. Ng3 Bd6 16. Nf5 Bf8 17. Ng3 {½-½ (17) Reilly,T (2218)-Johansen,D (2480) Gosford 1988}) 11... Na5 $11 12. e4 (12. Bc2 $14) 12... Nb3 $15 13. Bg5 {[%emt 0:18:32] aiming for Rd1.} Nxa1 14. Bxf6 (14. Qh4 $17 {was necessary.} h6 15. Bxf6 gxf6 16. Qg3+ (16. Nxd5 Nb3 $17) 16... Kh8 17. Rxa1) 14... Qxf6 $19 15. Nxd5 {[%emt 0:00:06] [#]} Qd8 16. Qxa1 $17 c6 17. Ne3 Bd7 (17... c5 $5 18. d5 Bd7 $15) 18. Qe1 (18. Qc1 $15) 18... c5 19. d5 b5 20. Qg3 $2 (20. Kh1 $17 {was worth a try.}) 20... c4 $19 21. Bb1 Qf6 (21... Bc5 $19 {is more deadly.} 22. f4 Qb6) 22. Nd1 (22. Nc3 $17) 22... Bc5+ 23. Kh1 a5 24. f4 b4 25. Qf3 Qh4 ({Black should play} 25... Qb6 $1 $19 {...bxa3 is the strong threat.} 26. Bc2 c3) 26. h3 (26. e5 $1 $15) 26... h5 27. Ne3 {[%emt 0:00:40] Inhibits Bg4.} bxa3 (27... Bg4 $1 $19 28. Nxg4 hxg4 29. Qxg4 Qxg4 30. hxg4 bxa3 31. bxa3 g5) 28. bxa3 {[%emt 0:00:18] [#]} (28. Nxc4 $17 {was the only chance.} axb2 29. Nxb2) 28... Bxe3 $2 (28... Bxa3 29. e5 $14) ({Better is} 28... Rab8 $1 $19 {[%cal Rb8b3] Threatens to win with ...Rb3.} 29. Nxc4 Bg4) 29. Qxe3 $16 Rab8 {[%emt 0:00:09] [#]} 30. Nd4 {[%emt 0:00:56] Prevents Rb3.} Qe7 31. e5 c3 $2 (31... Qc5 $16) 32. Qxc3 $18 Rec8 33. Qd3 {[%emt 0:00:11] White wants to mate with Qh7+.} g6 34. e6 (34. Ba2 $142) 34... Be8 $2 (34... fxe6 {keeps fighting.} 35. dxe6 (35. Qxg6+ Qg7 $16) 35... Be8) 35. f5 Qg5 (35... Qd6 $142 36. Qd2 (36. fxg6 fxg6 37. Qf3 Rb7 $16) 36... Rxb1 37. Rxb1 Qxd5) 36. fxg6 fxg6 37. Nf3 ({Weaker is} 37. Qf3 Rc1 38. Qf8+ Kh7 $14) 37... Qf6 {[%emt 0:00:34] And now ...Bb5 would win.} 38. Nd4 {[%emt 0:00:24] Prevents Bb5.} (38. Qe4) 38... Qg5 $1 39. Qf3 $2 ({White must play} 39. d6 $18) 39... Rc1 $11 {[%emt 0:00:05] The position is equal.} 40. Be4 Rxf1+ 41. Qxf1 Qe5 42. Nc6 Bxc6 43. Qf7+ Kh8 44. Bxg6 Qe1+ 45. Kh2 {[%emt 0:00:00][%csl Gg6][%cal Rf7h7] Really sharp!} Qe5+ {[%emt 0:00:00] White really could win this.  Weighted Error Value: White=0.87/Black=0.53} 1/2-1/2

[Event "55th Biel Festival MTO 2022"]
[Site "Biel"]
[Date "2022.07.22"]
[Round "9.29"]
[White "Kolbus, Dietmar"]
[Black "Lou, Vincent"]
[Result "1/2-1/2"]
[ECO "B38"]
[WhiteElo "2285"]
[BlackElo "2200"]
[Annotator "TA"]
[PlyCount "101"]
[EventDate "2022.07.13"]
[EventType "swiss"]
[EventCountry "SUI"]
[SourceTitle "playchess.com"]
[Source "ChessBase"]
[SourceQuality "1"]
[TimeControl "40/5400+30:1800+30"]

1. c4 c5 2. Nf3 Nc6 3. Nc3 g6 4. d4 cxd4 5. Nxd4 Bg7 6. Nxc6 bxc6 7. e4 d6 8. Be2 Nf6 9. O-O O-O 10. Be3 Nd7 11. Qd2 {[%emt 0:03:05] B38: Sicilian: Maroczy Bind with 5...Bg7 and 7...0-0.} Qc7 12. Rac1 Rb8 {[%emt 0:01:56] [#]} 13. Na4 $146 {[%emt 0:06:48] White is slightly better.} ({Predecessor:} 13. b3 Nc5 14. f3 a5 15. Bd4 Bxd4+ 16. Qxd4 e5 17. Qd2 Ne6 18. Rfd1 Nd4 19. Bd3 {½-½ (28) Bures,V (2079)-Stodola,M (1963) Czech Republic 2013}) 13... Nf6 14. f3 Rd8 15. Rfd1 Bd7 16. b3 Be8 17. Bf1 c5 18. Nc3 a5 19. Nb5 Qb6 20. a4 Bc6 21. Kh1 Nd7 22. Bd3 Ra8 23. Bb1 Nf8 24. Qe2 Ne6 25. Bc2 Nd4 26. Nxd4 cxd4 27. Bd2 e5 28. Rb1 Rf8 29. Re1 f5 30. Bd3 Kh8 31. Qd1 Bd7 32. Qe2 Qc7 33. Rf1 Rf7 34. Qe1 (34. Qd1 $11) 34... f4 $17 35. Qe2 Bf8 36. g4 fxg3 (36... Be7 $17 37. Rg1 Be6) 37. hxg3 $15 Bg7 38. Qh2 Be6 39. Kg2 Kg8 40. Qh4 Raf8 41. Rf2 Bf6 42. Qh6 Bg7 43. Qh4 Bf6 44. Qh6 Bd8 45. Rff1 Qe7 46. Rbe1 Rg7 47. Rh1 g5 48. Ref1 Rf6 49. Qh2 Rgg6 50. g4 Rg7 51. Qg3 {[%emt 0:00:42] Weighted Error Value: White=0.11 (very precise) /Black=0.12 (very precise)} 1/2-1/2